TOP OF THE 1ST |
Nashville G-Strings batting - Pitching for Austin River Sharks : RHP José Pérez
|
Pitching: RHP José Pérez
|
|
Batting: SHB Jorge Flores
|
0-0: Ground out 4-3 (Groundball, 4MD)
|
Batting: LHB Jesús Núñez
|
0-0: Fly out, F8 (Flyball, 8LM)
|
Batting: RHB Sergio Márquez
|
0-0: Ball 1-0: Foul Ball, location: 2F 1-1: Swinging Strike 1-2: Ground out 5-3 (Groundball, 56)
|
Top of the 1st over - 0 run(s), 0 hit(s), 0 error(s), 0 left on base; Nashville 0 - Austin 0 |
BOTTOM OF THE 1ST |
Austin River Sharks batting - Pitching for Nashville G-Strings : LHP Bill Moore
|
Pitching: LHP Bill Moore
|
|
Batting: RHB Todd Bryant
|
0-0: Called Strike 0-1: Ground out 5-3 (Groundball, 5S)
|
Batting: RHB Richard Coker
|
0-0: Ball 1-0: DOUBLE (Line Drive, 9LS)
|
Batting: LHB Greg Nelson
|
0-0: Called Strike 0-1: Ball 1-1: Ball 2-1: Swinging Strike 2-2: Strikes out swinging
|
Batting: RHB Manny Copriviza
|
0-0: Ball 1-0: Called Strike 1-1: Ball 2-1: Swinging Strike 2-2: Ground out 4-3 (Groundball, 4)
|
Bottom of the 1st over - 0 run(s), 1 hit(s), 0 error(s), 1 left on base; Nashville 0 - Austin 0 |
TOP OF THE 2ND |
Nashville G-Strings batting - Pitching for Austin River Sharks : RHP José Pérez
|
Batting: RHB Danny Campbell
|
0-0: Swinging Strike 0-1: Called Strike 0-2: Strikes out swinging
|
Batting: RHB Vicente Aguirre
|
0-0: Ball 1-0: Ball 2-0: Ball 3-0: Called Strike 3-1: Called Strike 3-2: Strikes out swinging
|
Batting: RHB António Ortega
|
0-0: SINGLE (Groundball, 56D)
|
Batting: RHB John Denton
|
0-0: Ball 1-0: Foul Ball, location: 2F 1-1: Ball 2-1: Fielders Choice at 2nd, 6-4 (Groundball, 6)
|
Top of the 2nd over - 0 run(s), 1 hit(s), 0 error(s), 0 left on base; Nashville 0 - Austin 0 |
BOTTOM OF THE 2ND |
Austin River Sharks batting - Pitching for Nashville G-Strings : LHP Bill Moore
|
Batting: LHB Harry Pitts
|
0-0: Swinging Strike 0-1: Called Strike 0-2: Strikes out swinging
|
Batting: RHB Eric Neal
|
0-0: Called Strike 0-1: Foul Ball, location: 2F 0-2: Foul Ball, location: 2F 0-2: Ball 1-2: SINGLE (Groundball, 56D)
|
Batting: RHB Carlos Guzmán
|
0-0: Called Strike 0-1: Ball 1-1: Called Strike 1-2: Foul Ball, location: 2F 1-2: Strikes out swinging
|
Batting: LHB José Liñares
|
0-0: Called Strike 0-1: Ball 1-1: Ball 2-1: Ground out 5-3 (Groundball, 25)
|
Bottom of the 2nd over - 0 run(s), 1 hit(s), 0 error(s), 1 left on base; Nashville 0 - Austin 0 |
TOP OF THE 3RD |
Nashville G-Strings batting - Pitching for Austin River Sharks : RHP José Pérez
|
Batting: RHB Greg King
|
0-0: Foul Ball, location: 2F 0-1: Fly out, F5 (Line Drive, 5)
|
Batting: RHB Wilson López
|
0-0: Ball 1-0: Foul Ball, location: 2F 1-1: Ball 2-1: Fly out, F4 (Line Drive, 4M)
|
Batting: SHB Jorge Flores
|
0-0: Ball 1-0: Called Strike 1-1: Ball 2-1: Ball 3-1: Swinging Strike 3-2: Fly out, F6 (Line Drive, 6)
|
Top of the 3rd over - 0 run(s), 0 hit(s), 0 error(s), 0 left on base; Nashville 0 - Austin 0 |
BOTTOM OF THE 3RD |
Austin River Sharks batting - Pitching for Nashville G-Strings : LHP Bill Moore
|
Batting: RHB Teddy Bates
|
0-0: Ball 1-0: Called Strike 1-1: Foul Ball, location: 2F 1-2: Fly out, F7 (Flyball, 7LS)
|
Batting: RHB Todd Bryant
|
0-0: Ball 1-0: Ball 2-0: SINGLE (Groundball, 34D)
|
Batting: RHB Richard Coker
|
0-0: SINGLE (Groundball, 34) (infield hit) Todd Bryant to second
|
Batting: LHB Greg Nelson
|
0-0: Called Strike 0-1: Ball 1-1: DOUBLE (Line Drive, 7LS) Todd Bryant scores Richard Coker to third
|
Batting: RHB Manny Copriviza
|
0-0: SINGLE (Flyball, 8RS) Richard Coker scores Greg Nelson to third
|
Batting: LHB Harry Pitts
|
0-0: Ball 1-0: Swinging Strike 1-1: Foul Ball, location: 2F 1-2: Ball 2-2: Ball 3-2: Grounds into double play, 5-4-3 (Groundball, 56)
|
Bottom of the 3rd over - 2 run(s), 4 hit(s), 0 error(s), 1 left on base; Nashville 0 - Austin 2 |
TOP OF THE 4TH |
Nashville G-Strings batting - Pitching for Austin River Sharks : RHP José Pérez
|
Batting: LHB Jesús Núñez
|
0-0: Ground out U3 (Groundball, 34)
|
Batting: RHB Sergio Márquez
|
0-0: Foul Ball, location: 2F 0-1: Ball 1-1: Ball 2-1: Called Strike 2-2: Foul Ball, location: 2F 2-2: Foul Ball, location: 2F 2-2: Foul Ball, location: 2F 2-2: Strikes out swinging
|
Batting: RHB Danny Campbell
|
0-0: Ground out 4-3 (Groundball, 4M)
|
Top of the 4th over - 0 run(s), 0 hit(s), 0 error(s), 0 left on base; Nashville 0 - Austin 2 |
BOTTOM OF THE 4TH |
Austin River Sharks batting - Pitching for Nashville G-Strings : LHP Bill Moore
|
Batting: RHB Eric Neal
|
0-0: Called Strike 0-1: Foul Ball, location: 2F 0-2: Ball 1-2: Ball 2-2: Ball 3-2: Fly out, F9 (Flyball, 89S)
|
Batting: RHB Carlos Guzmán
|
0-0: Ball 1-0: Foul Ball, location: 2F 1-1: Ball 2-1: Fly out, F4 (Popup, 3D)
|
Batting: LHB José Liñares
|
0-0: Ball 1-0: Ball 2-0: Called Strike 2-1: Foul Ball, location: 2F 2-2: Fly out, F8 (Flyball, 8RD)
|
Bottom of the 4th over - 0 run(s), 0 hit(s), 0 error(s), 0 left on base; Nashville 0 - Austin 2 |
TOP OF THE 5TH |
Nashville G-Strings batting - Pitching for Austin River Sharks : RHP José Pérez
|
Batting: RHB Vicente Aguirre
|
0-0: Foul Ball, location: 2F 0-1: Foul Ball, location: 2F 0-2: Ball 1-2: Strikes out swinging
|
Batting: RHB António Ortega
|
0-0: Ball 1-0: Called Strike 1-1: Ground out 6-3 (Groundball, 6)
|
Batting: RHB John Denton
|
0-0: Called Strike 0-1: Hit by Pitch
|
Batting: RHB Greg King
|
0-0: Swinging Strike 0-1: Ball 1-1: Ball 2-1: Swinging Strike 2-2: Strikes out swinging, 2-3 out at first.
|
Top of the 5th over - 0 run(s), 0 hit(s), 0 error(s), 1 left on base; Nashville 0 - Austin 2 |
BOTTOM OF THE 5TH |
Austin River Sharks batting - Pitching for Nashville G-Strings : LHP Bill Moore
|
Batting: RHB Teddy Bates
|
0-0: Ball 1-0: Ball 2-0: Ball 3-0: Called Strike 3-1: Base on Balls
|
Batting: RHB Todd Bryant
|
0-0: Ball 1-0: Swinging Strike 1-1: Swinging Strike 1-2: Ball 2-2: Grounds into double play, 1-6-3 (Groundball, 13S)
|
Batting: RHB Richard Coker
|
0-0: Called Strike 0-1: Ball 1-1: Ball 2-1: Ball 3-1: Foul Ball, location: 2F 3-2: Foul Ball, location: 2F 3-2: Base on Balls
|
Batting: LHB Greg Nelson
|
0-0: Ball 1-0: Called Strike 1-1: Ball 2-1: Called Strike 2-2: Foul Ball, location: 2F 2-2: Ball 3-2: Foul Ball, location: 2F 3-2: Foul Ball, location: 2F 3-2: SINGLE (Groundball, 34D) Richard Coker to second Richard Coker to third
|
Batting: RHB Manny Copriviza
|
0-0: Ball 1-0: Reached via error on a dropped throw, E4 Richard Coker scores Greg Nelson to second
|
Batting: LHB Harry Pitts
|
0-0: Called Strike 0-1: Ball 1-1: Swinging Strike 1-2: Foul Ball, location: 2F 1-2: Strikes out swinging
|
Bottom of the 5th over - 1 run(s), 1 hit(s), 1 error(s), 2 left on base; Nashville 0 - Austin 3 |
TOP OF THE 6TH |
Nashville G-Strings batting - Pitching for Austin River Sharks : RHP José Pérez
|
Batting: RHB Wilson López
|
0-0: Foul Ball, location: 2F 0-1: Foul Ball, location: 2F 0-2: Foul Ball, location: 2F 0-2: Ball 1-2: Foul Ball, location: 2F 1-2: DOUBLE (Groundball, 5L)
|
Batting: SHB Jorge Flores
|
0-0: Ball 1-0: Foul Ball, location: 2F 1-1: SINGLE (Groundball, 4MD) Wilson López to third Runner from 3rd tries for Home, SAFE, no throw
|
Pinch Runner at 1st Martín Medina:
|
|
Batting: LHB Jesús Núñez
|
0-0: Ball 1-0: SINGLE (Groundball, 34) (infield hit) Martín Medina to second
|
Batting: RHB Sergio Márquez
|
0-0: Reached on error, E6 (Groundball, 6) Martín Medina to third Jesús Núñez to second
|
Batting: RHB Danny Campbell
|
0-0: Ball 1-0: Ball 2-0: Foul Ball, location: 2F 2-1: Ball 3-1: Fly out, F9 (Line Drive, 9) Runner from 3rd tags up, SCORES, no throw
|
Batting: RHB Vicente Aguirre
|
0-0: Called Strike 0-1: Grounds into double play, 5-4-3 (Groundball, 56)
|
Top of the 6th over - 2 run(s), 3 hit(s), 1 error(s), 1 left on base; Nashville 2 - Austin 3 |
BOTTOM OF THE 6TH |
Austin River Sharks batting - Pitching for Nashville G-Strings : LHP Bill Moore
|
Pitching: RHP Jesse Moser
|
|
Now at SS: Roberto Zamora
|
|
Batting: RHB Eric Neal
|
0-0: Fly out, F8 (Flyball, 89S)
|
Batting: RHB Carlos Guzmán
|
0-0: Foul Ball, location: 2F 0-1: Ball 1-1: Ground out 6-3 (Groundball, 6)
|
Batting: LHB José Liñares
|
0-0: Ball 1-0: SINGLE (Groundball, 56S) (infield hit)
|
Batting: RHB Teddy Bates
|
0-0: Ball 1-0: Swinging Strike 1-1: Foul Ball, location: 2F 1-2: Ball 2-2: Fielders Choice at 2nd, 4-6 (Groundball, 34)
|
Bottom of the 6th over - 0 run(s), 1 hit(s), 0 error(s), 0 left on base; Nashville 2 - Austin 3 |
TOP OF THE 7TH |
Nashville G-Strings batting - Pitching for Austin River Sharks : RHP José Pérez
|
Batting: RHB António Ortega
|
0-0: Called Strike 0-1: Ball 1-1: Fly out, F8 (Flyball, 8LD)
|
Batting: RHB John Denton
|
0-0: Ball 1-0: Ball 2-0: Fly out, F3 (Popup, 3L)
|
Batting: RHB Greg King
|
0-0: Ball 1-0: Called Strike 1-1: Fly out, F7 (Flyball, 78M)
|
Top of the 7th over - 0 run(s), 0 hit(s), 0 error(s), 0 left on base; Nashville 2 - Austin 3 |
BOTTOM OF THE 7TH |
Austin River Sharks batting - Pitching for Nashville G-Strings : RHP Jesse Moser
|
Batting: RHB Todd Bryant
|
0-0: Called Strike 0-1: Called Strike 0-2: Fly out, F8 (Flyball, 8LS)
|
Batting: RHB Richard Coker
|
0-0: Ball 1-0: Called Strike 1-1: Foul Ball, location: 2F 1-2: Foul Ball, location: 2F 1-2: Ball 2-2: Ground out 1-3 (Groundball, 15)
|
Batting: LHB Greg Nelson
|
0-0: Ground out 5-3 (Groundball, 5)
|
Bottom of the 7th over - 0 run(s), 0 hit(s), 0 error(s), 0 left on base; Nashville 2 - Austin 3 |
TOP OF THE 8TH |
Nashville G-Strings batting - Pitching for Austin River Sharks : RHP José Pérez
|
Now in LF: Enrico Vargas
|
|
Batting: RHB Wilson López
|
0-0: Swinging Strike 0-1: Ball 1-1: Ground out 6-3 (Groundball, 6)
|
Batting: RHB Roberto Zamora
|
0-0: Fly out, F8 (Flyball, 8LM)
|
Batting: LHB Jesús Núñez
|
0-0: SINGLE (Line Drive, 34D)
|
Batting: RHB Sergio Márquez
|
0-0: Fly out, F4 (Line Drive, 4)
|
Top of the 8th over - 0 run(s), 1 hit(s), 0 error(s), 1 left on base; Nashville 2 - Austin 3 |
BOTTOM OF THE 8TH |
Austin River Sharks batting - Pitching for Nashville G-Strings : RHP Jesse Moser
|
Batting: RHB Manny Copriviza
|
0-0: Called Strike 0-1: Ball 1-1: Called Strike 1-2: Ball 2-2: Foul Ball, location: 2F 2-2: Foul Ball, location: 2F 2-2: Foul Ball, location: 2F 2-2: Strikes out looking
|
Batting: LHB Harry Pitts
|
0-0: Ball 1-0: Foul Ball, location: 2F 1-1: Ball 2-1: DOUBLE (Line Drive, 7LM)
|
Batting: RHB Eric Neal
|
0-0: Called Strike 0-1: Foul Ball, location: 2F 0-2: Strikes out swinging
|
Batting: RHB Carlos Guzmán
|
0-0: Ball 1-0: Fly out, F4 (Popup, 4MD)
|
Bottom of the 8th over - 0 run(s), 1 hit(s), 0 error(s), 1 left on base; Nashville 2 - Austin 3 |
TOP OF THE 9TH |
Nashville G-Strings batting - Pitching for Austin River Sharks : RHP José Pérez
|
Pitching: RHP José Salinas
|
|
Pinch Hitting: SHB Rob Grun
|
0-0: Swinging Strike 0-1: Ball 1-1: Ball 2-1: Ball 3-1: Foul Ball, location: 2F 3-2: SINGLE (Line Drive, 4MD)
|
Batting: RHB Vicente Aguirre
|
0-0: Ball 1-0: Fly out, F8 (Flyball, 8RM)
|
Batting: RHB António Ortega
|
0-0: Ball 1-0: Swinging Strike 1-1: Foul Ball, location: 2F 1-2: Ball 2-2: Foul Ball, location: 2F 2-2: Ball 3-2: Foul Ball, location: 2F 3-2: Fly out, F7 (Flyball, 78XD)
|
Batting: RHB John Denton
|
0-0: Ball 1-0: Ball 2-0: Swinging Strike 2-1: Ball 3-1: Foul Ball, location: 2F 3-2: Strikes out swinging
|
Top of the 9th over - 0 run(s), 1 hit(s), 0 error(s), 1 left on base; Nashville 2 - Austin 3 |
|